 Dungeon Crawl Stone Soup version 0.16.0-1-gbc1383b (console) character file.

44 gw the Magician (level 3, -5/20 HPs)
             Began as a Deep Elf Fire Elementalist on Mar 14, 2015.
             Slain by aaron's ghost (9 damage)
             ... on level 3 of the Dungeon.
             The game lasted 00:01:46 (2631 turns).

gw the Magician (Deep Elf Fire Elementalist)        Turns: 2631, Time: 00:01:46

Health: -5/20      AC:  3    Str:  5    XL:     3   Next: 41%
Magic:  2/11       EV: 13    Int: 20    God:
Gold:   38         SH:  0    Dex: 15    Spells: 2 memorised, 6 levels left

rFire  + . .     SeeInvis .     a - +1 short sword
rCold  . . .     Clarity  .     h - +0 robe
rNeg   . . .     SustAb   .     (no shield)
rPois  .         Gourm    .     (no helmet)
rElec  .         Spirit   .     (no cloak)
rCorr  .         Warding  .     k - +0 pair of gloves
rMut   .         Stasis   .     (no boots)
MR     .....                    (no amulet)
Stlth  ++........               (no ring)
                                (no ring)

@: very slightly contaminated, not resistant to hostile enchantments, unstealthy
A: fire resistance 1
a: no special abilities


You were on level 3 of the Dungeon.
You were not hungry.

You visited 1 branch of the dungeon, and saw 3 of its levels.

You collected 38 gold pieces.

Inventory:

Hand weapons
 a - a +1 short sword (weapon)
Armour
 h - a +0 robe (worn)
 k - a +0 pair of gloves (worn)
Magical devices
 l - a wand of heal wounds (3)
Scrolls
 g - a scroll of recharging
 i - a scroll of teleportation {unknown}
 j - a scroll of identify
Potions
 e - a potion of mutation
Books
 b - a book of Flames

   Spells                             Type                      Level
   a - Flame Tongue                   Conjuration/Fire             1
   b - Throw Flame                    Conjuration/Fire             2
   c - Conjure Flame                  Conjuration/Fire             3
   d - Inner Flame                    Hexes/Fire                   3
   e - Sticky Flame                   Conjuration/Fire             4
   f - Fireball                       Conjuration/Fire             5
Comestibles
 c - a bread ration
 d - a beef jerky
 f - a meat ration
 o - 2 chunks of flesh


   Skills:
 + Level 1.0 Fighting
 + Level 1.0 Armour
 - Level 2.4 Dodging
 - Level 2.4 Stealth
 + Level 3.8 Spellcasting
 - Level 1.1 Conjurations
 + Level 3.8 Fire Magic


You had 6 spell levels left.
You knew the following spells:

 Your Spells              Type           Power        Failure   Level  Hunger
a - Flame Tongue          Conj/Fire      ##...        6%          1    None
b - Throw Flame           Conj/Fire      ##....       10%         2    ##.....


Dungeon Overview and Level Annotations

Branches:
Dungeon (3/15)

Altars:
Ashenzari
Makhleb
Xom
Yredelemnul
Zin

Annotations:
D:3 aaron's ghost, average HuWn


Innate Abilities, Weirdness & Mutations

Your flesh is heat resistant.


Message History

MOVING TO (-4,0) Unknown command.
Unknown command.
Unknown command.
MOVING TO (-3,0) Unknown command.
Unknown command.
Unknown command.
MOVING TO (-2,0) Unknown command.
Unknown command.
Unknown command.
MOVING TO (-1,0)
You see here 13 gold pieces.
Unknown command.
Unknown command.
Unknown command.
MOVING TO (8,-1) Aaron's ghost hits you!
You die...

... #....##.#
..#.##.##....##.#
.................##
##...##.#....##..#
# #.#######..## #.#
#<.....# #.#
######.##
#.#########..#
##e...........+
#$W.....[####.#
#.........# .#
....?........#
##^..........+
.............#
..............#
.?.#####.####. ..
... ..


You could see aaron's ghost.

Table legend:
 A = Turns spent in this place as a percentage of turns spent in the entire game.
 B = Non-inter-level travel turns spent in this place as a percentage of non-inter-level travel turns spent in the entire game.
 C = Inter-level travel turns spent in this place as a percentage of turns spent in this place.
 D = Turns resting spent in this place as a percentage of non-inter-level travel turns spent in this place.
 E = Turns spent auto-exploring this place as a percentage of non-inter-level travel turns spent in this place.
 F = Non-inter-level travel turns spent in this place divided by the number of levels of this place that you've seen.
                   A       B       C       D       E      F
               +-------+-------+-------+-------+-------+----------------------
         Total | 100.0 | 100.0 |   0.6 |   2.8 |   2.7 | 964.7
       Dungeon | 100.0 | 100.0 |   0.6 |   2.8 |   2.7 | 964.7
               +-------+-------+-------+-------+-------+----------------------

Table legend:
 A = Kills in this place as a percentage of kills in entire the game.
 B = Kills by you in this place as a percentage of kills by you in the entire game.
 C = Kills by friends in this place as a percentage of kills by friends in the entire game.
 D = Other kills in this place as a percentage of other kills in the entire game.
 E = Experience gained in this place as a percentage of experience gained in the entire game.
 F = Experience gained in this place divided by the number of levels of this place that you have seen.
                   A       B       C       D       E      F
               +-------+-------+-------+-------+-------+----------------------
         Total | 100.0 | 100.0 |  -nan |  -nan | 100.0 |  21.3
       Dungeon | 100.0 | 100.0 |  -nan |  -nan | 100.0 |  21.3
               +-------+-------+-------+-------+-------+----------------------

Vanquished Creatures
  An adder (D:2)
  An ooze (D:2)
  A ball python (D:2)
  6 bats
  A giant cockroach (D:1)
  3 goblins
  5 hobgoblins
  6 giant newts
  4 kobolds
  A quokka (D:2)
  4 rats (D:2)
  A spectral orc (D:2)
34 creatures vanquished.

Notes
Turn   | Place    | Note
--------------------------------------------------------------
     0 | D:1      | gw, the Deep Elf Fire Elementalist, began the quest for the Orb.
     0 | D:1      | Reached XP level 1. HP: 10/10 MP: 5/5
   876 | D:1      | Reached XP level 2. HP: 4/16 MP: 0/8
  1115 | D:1      | Learned a level 2 spell: Throw Flame
  1541 | D:1      | Gained mutation: You are weak. (Str -2) [potion of mutation]
  1541 | D:1      | Lost mutation: You are weak. (Str -2) [potion of mutation]
  1541 | D:1      | Gained mutation: Your flesh is heat resistant. [potion of mutation]
  1562 | D:2      | Found a shattered altar of Ashenzari.
  1791 | D:2      | Reached skill level 1 in Fighting
  1791 | D:2      | Reached XP level 3. HP: 20/20 MP: 6/11
  1896 | D:2      | Found a basalt altar of Yredelemnul.
  2093 | D:2      | Found a burning altar of Makhleb.
  2210 | D:2      | Reached skill level 1 in Armour
  2456 | D:2      | Found a glowing silver altar of Zin.
  2483 | D:2      | Found a shimmering altar of Xom.
  2483 | D:2      | Found a shimmering altar of Xom.
  2484 | D:2      | Found a shimmering altar of Xom.
  2608 | D:3      | Noticed aaron's ghost (average HuWn)
  2631 | D:3      | Slain by aaron's ghost

Action                   || total
-------------------------++-------
Melee: Short sword       ||     2
 Cast: Flame Tongue      ||    28
       Throw Flame       ||    35
  Use: Scroll            ||     5
       Potion            ||     5
  Eat: Chunk             ||     6

Vault maps used:
D:1:      dpeg_arrival_circle_labyrinth_c
D:2:      zin_statuary, xom_redecorated, lightli_temple_of_fire,
          yredelemnul_forgotten_temple_becter, evilmike_ruin_ashenzari
D:3:      minmay_misc_feat_roman, minmay_cupped, uniq_natasha
